 Dungeon Crawl Stone Soup version 0.26-a0-812-g31a745ddcd (webtiles) character file.

Game seed: 12572515051847429627

162 raph the Firebug (level 5, -6/57 HPs)
             Began as a Draconian Fire Elementalist on Nov 26, 2020.
             Killed by divine providence
             ... invoked by an orc priest
              (12 damage)
             ... on level 3 of the Dungeon.
             The game lasted 00:05:55 (3343 turns).

raph the Firebug (Draconian Fire Elementalist)      Turns: 3343, Time: 00:05:55

Health: -6/57      AC: 22    Str: 11    XL:     5   Next: 19%
Magic:  2/8        EV:  2    Int: 16    God:
Gold:   80         SH:  0    Dex: 11    Spells: 4/8 levels left

rFire    . . .     SeeInvis .   j - +0 rapier
rCold    . . .     Faith    .   (no shield)
rNeg     + + +     Spirit   .   (armour unavailable)
rPois    +         Reflect  .   (helmet currently unavailable)
rElec    .         Harm     .   (cloak currently unavailable)
rCorr    .         Rampage  .   (gloves currently unavailable)
MR       +....     NoTele   +   (boots currently unavailable)
Stlth    ++........             (no amulet)
HPRegen  0.19/turn              c - ring of protection from magic
MPRegen  0.11/turn              (no ring)

@: tree-form
A: unfitting armour, AC +5
a: no special abilities


You were on level 3 of the Dungeon.
You were a tree.
You visited 1 branch of the dungeon, and saw 3 of its levels.

You collected 80 gold pieces.

Inventory:

Hand Weapons
 d - a +0 whip
 j - a +0 rapier (weapon)
Jewellery
 c - a ring of protection from magic (left branch)
Scrolls
 e - a scroll of remove curse
 f - a scroll of amnesia {unknown}
 g - 2 scrolls of fog {unknown}
 i - a scroll of blinking {unknown}
Potions
 a - a potion of lignification
 b - a potion of brilliance {unknown}
 h - a potion of curing {unknown}


   Skills:
 - Level 2.1 Dodging
 - Level 2.2 Stealth
 - Level 2.3 Spellcasting
 * Level 3.2 Conjurations
 * Level 4.3 Fire Magic


You had 4 spell levels left.
You knew the following spells:

 Your Spells              Type           Power        Failure   Level
a - Foxfire               Conj/Fire      ##..         4%          1
b - Conjure Flame         Conj/Fire      ##......     13%         3

Your spell library contained the following spells:

 Spells                   Type           Power        Failure   Level
 Inner Flame              Hex/Fire       #.......     24%         3
 Sticky Flame             Conj/Fire      ##......     38%         4
 Fireball                 Conj/Fire      ##........   75%         5


Dungeon Overview and Level Annotations

Branches:
Dungeon (3/15)

Altars:
Elyvilon
Ru
Trog

Annotations:
D:3 Grinder


Innate Abilities, Weirdness & Mutations

((Your plain brown scales are hard. (AC +5)))
You cannot fit into any form of body armour.
((You are cold-blooded and may be slowed by cold attacks.))


Message History

Unknown command.
The orc priest hits you but does no damage.
The orc priest looks satisfied for a moment.
Grinder comes into view.
Grinder shouts!
The orc priest casts a cantrip, but nothing happens.
The orc priest calls down the wrath of Beogh upon you.
Beogh smites you!
* * * LOW HITPOINT WARNING * * *
Grinder gestures at you. Pain shoots through your body!
* * * LOW HITPOINT WARNING * * *
Grinder blinks!
It was a potion of lignification.
You turn into a tree.
Your roots penetrate the ground.
As you read the scroll labelled RIOTEI HAMOTEMOL, it crumbles to dust.
You feel blessed for a moment.
It was a scroll of remove curse.
The orc priest mumbles some strange prayers to Beogh against you.
Beogh smites you!
You die...

#.# #.# ##.# #.#
#..# #.# #
#.)#######.#
#.#.)......).#
#####§#oo#########
........##
#####.#5############
...#.ooo.♣.......
### ##############


You could see Grinder, 2 orc priests and an orc.

Vanquished Creatures
  Jessica (D:2)
  A worker ant (D:1)
  4 adders
  A white imp (D:2)
  An ooze (D:2)
  3 worms (D:2)
  3 dart slugs
  3 orcs (D:3)
  3 giant cockroaches (D:1)
  6 goblins
  4 hobgoblins
  2 jackals (D:2)
  8 bats
  2 frilled lizards
  8 kobolds
  3 rats
53 creatures vanquished.

Vanquished Creatures (others)
  215 foxfires
215 creatures vanquished.

Grand Total: 268 creatures vanquished

Notes
Turn   | Place    | Note
-------+----------+-------------------------------------------
     0 | D:1      | raph the Draconian Fire Elementalist began the quest for
                  | the Orb.
     0 | D:1      | Reached XP level 1. HP: 14/14 MP: 3/3
   575 | D:1      | Reached XP level 2. HP: 20/20 MP: 3/5
  1680 | D:1      | Reached XP level 3. HP: 9/26 MP: 3/6
  2070 | D:2      | Learned a level 3 spell: Conjure Flame
  2087 | D:2      | Reached XP level 4. HP: 33/33 MP: 2/7
  2530 | D:2      | Found a bloodstained altar of Trog.
  2536 | D:2      | Noticed Jessica
  2541 | D:2      | Killed Jessica
  2541 | D:2      | Reached skill level 4 in Fire Magic
  2865 | D:2      | Reached XP level 5. HP: 38/38 MP: 4/8
  3019 | D:2      | Found a white marble altar of Elyvilon.
  3027 | D:2      | Found a sacrificial altar of Ru.
  3335 | D:3      | Noticed Grinder
  3343 | D:3      | Killed from afar by an orc priest

Illustrated notes

Levels and vault maps discovered:
D:1:      eino_arrival_tree_alley, layout_basic
D:2:      layout_basic, overflow_temple_1_default,
          amethyst_overflow_temple_binary, uniq_jessica
D:3:      layout_basic, lemuel_crystal_altar, lemuel_round_altar, uniq_grinder

Skill      XL: |  1  2  3  4 |
---------------+-------------+-----
Dodging        | 2 |  2.1
Stealth        | 2 |  2.2
Conjurations   | 2 3 |  3.2
Fire Magic     | 4 |  4.3
Spellcasting   | |  2.3

Action                   |  1- 3 |  4- 6 || total
-------------------------+-------+-------++-------
Melee: Unarmed           |    26 |       ||    26
       Tailslap          |     2 |     2 ||     4
       Whip              |    10 |     7 ||    17
       Rapier            |       |    10 ||    10
 Cast: Foxfire           |    65 |    64 ||   129
  Use: Potion            |     2 |     1 ||     3
       Scroll            |       |     1 ||     1
 Stab: Sleeping          |       |     1 ||     1
Armor: Skin              |    16 |     9 ||    25
Dodge: Dodged            |    49 |    15 ||    64

Table legend: (Time is in decaauts)
 A = Elapsed time spent in this place.
 B = Non-inter-level travel time spent in this place.
 C = Inter-level travel time spent in this place.
 D = Time resting spent in this place.
 E = Time spent auto-exploring this place.
 F = Levels seen in this place.
 G = Mean time per level.
                   A        B        C        D        E       F      G
               +--------+--------+--------+--------+--------+-----+--------+
         Total |   3346 |   3288 |     58 |   1371 |   1384 |   3 | 1115.3 |
       Dungeon |   3346 |   3288 |     58 |   1371 |   1384 |   3 | 1115.3 |
               +--------+--------+--------+--------+--------+-----+--------+

Top non-repeatable levels by time:
     D:1: 2071 daAuts
     D:2: 1148 daAuts
     D:3: 126 daAuts
